 Dungeon Crawl Stone Soup version 0.29.0-4-gdea44cf6ec (webtiles) character file.

Game seed: 15475418329926463081

91 qw the Chopper (level 4, 0/26 HPs)
             Began as a Tengu Warper on Aug 28, 2022.
             Succumbed to an adder's poison
             ... on level 2 of the Dungeon.
             The game lasted 00:00:12 (2036 turns).

qw the Chopper (Tengu Warper)                       Turns: 2036, Time: 00:00:12

Health: 0/26       AC:  8    Str: 13    XL:     4   Next: 59%
Magic:  8/8        EV:  6    Int: 13    God:
Gold:   58         SH:  0    Dex: 14    Spells: 7/7 levels left

rFire   . . .      SeeInvis .   Y - +0 hand axe
rCold   . . .      Faith    .   (no shield)
rNeg    . . .      Spirit   .   e - +0 chain mail
rPois   .          Reflect  .   (helmet restricted)
rElec   .          Harm     .   (no cloak)
rCorr   .          Rampage  .   (no gloves)
Will    .....                   (boots unavailable)
Stlth   ..........              (no amulet)
HPRegen 0.08/turn               (no ring)
MPRegen 0.11/turn               (no ring)

@: lethally poisoned (0 -> -1)
A: beak, talons 3
a: no special abilities


You were on level 2 of the Dungeon.
You visited 1 branch of the dungeon, and saw 2 of its levels.

You collected 78 gold pieces.
You spent 20 gold pieces at shops.


Innate Abilities, Weirdness & Mutations

You have a beak for a mouth.
You have claws for feet.


   Skills:
 - Level 2.0 Fighting
 + Level 5.1 Axes
 - Level 1.0 Throwing
 - Level 1.1 Armour
 - Level 2.1 Dodging
 - Level 2.0 Spellcasting
 - Level 2.4 Translocations


You had 7 spell levels left.
You didn't know any spells.
Your spell library contained the following spells:

 Spells                   Type           Power      Damage    Failure   Level
 Blink                    Tloc           14%        N/A       99%         2
 Gell's Gravitas          Tloc           7%         N/A       100%        3
 Lesser Beckoning         Tloc           7%         N/A       100%        3
 Teleport Other           Tloc           7%         N/A       100%        3
 Manifold Assault         Tloc           7%         N/A       100%        5

Inventory:

Hand Weapons
 i - a +0 whip
 Y - a +0 hand axe (weapon)
Armour
 e - a +0 chain mail (worn)
Scrolls
 a - a scroll of fog {unknown}
 b - 3 scrolls of identify
 c - a scroll of enchant armour {unknown}
 h - a scroll of teleportation {unknown}
Potions
 d - a potion of attraction {unknown}
 f - a potion of heal wounds {unknown}
 g - a potion of flight {unknown}
 j - a potion of ambrosia {unknown}

Dungeon Overview and Level Annotations

Branches:
Dungeon (2/15)

Altars:

Shops:
D:2 *


Message History

You closely miss the adder. You claw the adder, but do no damage.
The adder is severely wounded.
You feel sick. The adder bites you but does no damage.
You hit the adder. Your kick misses the adder.
The adder is almost dead.
You feel sick. The adder bites you.
You are more poisoned.
The adder poisons you!
You barely miss the adder.
The adder is almost dead.
You feel sick. The adder bites you but does no damage. The adder bites you.
You are more poisoned.
The adder poisons you!
You hit the adder but do no damage.
The adder is almost dead.
You feel very sick. The adder barely misses you.
You hit the adder but do no damage. Your kick misses the adder.
The adder is almost dead.
You feel sick. The adder bites you but does no damage.
You miss the adder. You claw the adder, but do no damage.
Your peck misses the adder.
The adder is almost dead.
You feel very sick. The adder completely misses you.
The adder bites you but does no damage.
You closely miss the adder.
The adder is almost dead.
You feel sick. The adder barely misses you.
You miss the adder. Your kick misses the adder.
The adder is almost dead.
You feel sick. The adder bites you but does no damage. The adder bites you.
You miss the adder. You claw the adder.
You kill the adder!
You feel sick.
There is a lethal amount of poison in your body!
You feel sick.
There is a lethal amount of poison in your body!
You feel sick.
There is a lethal amount of poison in your body!
You die...

#..#.#.# #..#.#.#
######## #......#
#......# ##.#.#####.
.......#####.(.......
##<............####
#.......###.#.##..
#..........###.#.# #
........###.#.##@##...#
#......## #.........(.#
###...## #####.######?
#...# ######.# #...#
#... ... ###...#####.##
#..# .............#
##.# ............)###
.# ..>..........#.##.#


There were no monsters in sight!

Vanquished Creatures
  A jelly (D:2)
  An adder (D:2)
  2 dart slugs (D:2)
  4 endoplasms (D:1)
  3 giant cockroaches (D:1)
  4 goblins
  4 hobgoblins
  3 jackals (D:1)
  2 quokkas
  4 ball pythons
  9 bats
  3 frilled lizards
  A kobold (D:1)
  3 rats
44 creatures vanquished.

Notes
Turn   | Place    | Note
-------+----------+-------------------------------------------
     0 | D:1      | qw the Tengu Warper began the quest for the Orb.
     0 | D:1      | Reached XP level 1. HP: 12/12 MP: 4/4
     0 | D:1      | 0 ||| qw: Version: 0.1-a-89-g26bdef1
     0 | D:1      | 0 ||| qw: Game counter: 1130
     0 | D:1      | 0 ||| qw: Always use a shield: true
     0 | D:1      | 0 ||| qw: God list: Okawaru
     0 | D:1      | 0 ||| qw: Allow faded altars: false
     0 | D:1      | 0 ||| qw: Do Orc after D:15 true
     0 | D:1      | 0 ||| qw: Do second Lair branch before Depths: true
     0 | D:1      | 0 ||| qw: Lair rune preference: random
     0 | D:1      | 0 ||| qw: Plans: Normal
     0 | D:1      | 0 ||| PLANNING D:1-11
   160 | D:1      | 160 ||| Stepping ~*~*~tactically~*~*~ (stealth).
   162 | D:1      | 162 ||| Stepping ~*~*~tactically~*~*~ (stealth).
   187 | D:1      | Reached XP level 2. HP: 7/17 MP: 6/6
   432 | D:1      | Reached skill level 3 in Axes
   483 | D:1      | 483 ||| Stepping ~*~*~tactically~*~*~ (stealth).
   855 | D:1      | Reached XP level 3. HP: 21/21 MP: 7/7
   935 | D:1      | Found a faded altar of an unknown god.
  1133 | D:1      | Reached skill level 4 in Axes
  1397 | D:1      | 1397 ||| UPGRADING to +0 chain mail.
  1407 | D:1      | 1407 ||| DROPPING +0 leather armour.
  1408 | D:1      | 1408 ||| READING scroll labelled XOITHANON.
  1409 | D:1      | 1409 ||| READING scroll labelled XYOQIM HUEH.
  1410 | D:1      | 1410 ||| DROPPING scroll of blinking.
  1461 | D:2      | 1461 ||| STAIRDANCE
  1464 | D:2      | 1464 ||| STAIRDANCE
  1578 | D:2      | Reached XP level 4. HP: 20/26 MP: 8/8
  1625 | D:2      | 1625 ||| Stepping ~*~*~tactically~*~*~ (stealth).
  1693 | D:2      | Identified the +8 long sword "Piveyjan" {pain, Fragile
                  | rCorr Str+3 Stlth-}
  1755 | D:2      | 1755 ||| Stepping ~*~*~tactically~*~*~ (stealth).
  1767 | D:2      | Found Qugusol's General Store.
  1773 | D:2      | 1773 ||| SHOPLISTING +1 cloak of Noon {rC+ Str+6} (361
                  | gold, have 55).
  1773 | D:2      | 1773 ||| SHOPLISTING +3 chain mail of fire resistance (265
                  | gold, have 55).
  1773 | D:2      | 1773 ||| SHOPLISTING potion of cancellation (80 gold, have
                  | 55).
  1773 | D:2      | 1773 ||| BUYING scroll of identify (20 gold).
  1773 | D:2      | Bought a scroll of identify for 20 gold pieces
  1968 | D:2      | Reached skill level 5 in Axes
  2032 | D:2      | HP: 6/26 [poisoned by an adder]
  2034 | D:2      | HP: 2/26 [poisoned by an adder]
  2036 | D:2      | Succumbed to an adder's poison

Levels and vault maps discovered:
D:1:      dpeg_cavernosity, layout_basic,
          dreamdust_ecumenical_altar_angels_and_demons
D:2:      layout_loops_cross, serial_shops, shop, kennysheep_generic_room_9,
          uniq_natasha

Skill      XL: |  1  2  3  4 |
---------------+-------------+-----
Axes           | 3 4 5 |  5.1
Fighting       | |  2.0
Throwing       | |  1.0
Armour         | |  1.1
Dodging        | |  2.1
Spellcasting   | |  2.0
Translocations | |  2.4

Action                   |  1- 3 |  4- 6 || total
-------------------------+-------+-------++-------
Melee: Hand axe          |    74 |    32 ||   106
       Peck              |    12 |     4 ||    16
       Kick              |    12 |     7 ||    19
       Punch             |       |     1 ||     1
Throw: Boomerang         |     7 |       ||     7
  Use: Scroll            |     2 |       ||     2
Armor: Leather armour    |    28 |       ||    28
       Chain mail        |     1 |    35 ||    36
Dodge: Dodged            |    47 |    18 ||    65

Table legend:
 A = Non-vault XP
 B = Vault XP
 C = Vault XP percentage of total XP
 D = Non-vault monster count
 E = Vault monster count
 F = Vault count percentage of total count
                 A         B        C        D         E       F
            +---------+---------+-------+---------+---------+-------
      Total |     123 |       8 |   6.1 |      40 |       4 |   9.1
            +---------+---------+-------+---------+---------+-------
        D:1 |      42 |       8 |  16.0 |      25 |       4 |  13.8
        D:2 |      81 |       0 |   0.0 |      15 |       0 |   0.0
            +---------+---------+-------+---------+---------+-------
